 Dungeon Crawl Stone Soup version 0.25.0-26-g0c896c7088 (webtiles) character file.

Game seed: 5944615962589560102

20267 Froggeryz the Severer (level 13, -2/90 HPs)
             Began as a Formicid Fighter on July 4, 2020.
             Was the Champion of Okawaru.
             Slain by an entropy weaver
             ... wielding a +0 scimitar
              (16 damage)
             ... on level 4 of the Lair of Beasts.
             The game lasted 00:26:53 (16449 turns).

Froggeryz the Severer (Formicid Fighter)           Turns: 16449, Time: 00:26:53

Health: -2/90      AC: 11    Str: 26    XL:     13   Next: 11%
Magic:  13/13      EV:  8    Int:  7    God:    Okawaru [******]
Gold:   484        SH: 13    Dex: 11    Spells: 12/12 levels left

rFire    . . .     SeeInvis +   h - +1 hand axe (venom)
rCold    . . .     Gourm    .   c - +0 kite shield
rNeg     . . .     Faith    +   q - +0 chain mail
rPois    +         Spirit   .   (helmet unavailable)
rElec    .         Reflect  .   D - +2 cloak {rPois}
rCorr    .         Harm     .   s - +0 pair of gloves
MR       +....                  (no boots)
Stlth    ..........             E - amulet of faith
HPRegen  0.25/turn              t - ring of wizardry
MPRegen  0.13/turn              (no ring)

@: corroded
A: permanent stasis, dig shafts and tunnels, four strong arms, antennae 3
a: Dig, Shaft Self, Heroism, Finesse, Renounce Religion


You were on level 4 of the Lair of Beasts.
You worshipped Okawaru.
Okawaru was exalted by your worship.
You were hungry.

You visited 3 branches of the dungeon, and saw 14 of its levels.

You collected 813 gold pieces.
You spent 329 gold pieces at shops.

Inventory:

Hand Weapons
 h - a +1 hand axe of venom (weapon)
 P - a +1 vorpal broad axe
Missiles
 a - 7 curare-tipped darts
 o - 30 poisoned darts (quivered)
 J - 4 throwing nets
Armour
 c - a +0 kite shield (worn)
 q - a +0 chain mail (worn)
 s - a +0 pair of gloves (worn)
 D - a +2 cloak of poison resistance (worn)
Jewellery
 t - a ring of wizardry (left hand)
 E - an amulet of faith (around neck)
 U - an uncursed amulet of guardian spirit {unknown}
Wands
 v - a wand of digging (5)
 H - a wand of flame (32)
 S - a wand of iceblast (10)
 T - a wand of paralysis (23)
Scrolls
 b - a scroll of acquirement {unknown}
 e - 2 scrolls of immolation
 g - a scroll of noise {unknown}
 i - a scroll of silence {unknown}
 j - 2 scrolls of random uselessness {unknown}
 k - 3 scrolls of enchant weapon
 l - 10 scrolls of remove curse
 y - a scroll of magic mapping {unknown}
 z - 6 scrolls of enchant armour
 B - a scroll of fog {unknown}
 F - 2 scrolls of amnesia {unknown}
 K - 3 scrolls of identify
 N - 2 scrolls of fear
 O - a scroll of summoning {unknown}
Potions
 d - 5 potions of might
 m - 2 potions of invisibility
 n - 2 potions of brilliance
 p - 2 potions of resistance
 r - 3 potions of stabbing
 u - a potion of haste {unknown}
 w - 4 potions of flight
 x - a potion of ambrosia
 A - 2 potions of berserk rage {unknown}
 C - a potion of heal wounds
 G - a potion of mutation {unknown}
 L - 2 potions of magic {unknown}
 M - 2 potions of curing
 Q - 3 potions of lignification {unknown}
Miscellaneous
 R - a phantom mirror
Comestibles
 f - 29 rations


   Skills:
 + Level 4.5 Fighting
 * Level 15.2 Axes
 - Level 8.7 Armour
 + Level 13.3 Shields


You had 12 spell levels left.
You didn't know any spells.
Your spell library was empty.

Dungeon Overview and Level Annotations

Branches:
Dungeon (9/15)             Temple (1/1) D:5            Lair (4/6) D:9
  Swamp (0/4) Lair:2
  Snake: Lair:2-4    Spider: Lair:2-4       Orc: D:9-12

Altars:
Ashenzari
Cheibriados
Dithmenos
Fedhas
Gozag
Hepliaklqana
Kikubaaqudgha
Makhleb
Okawaru
Qazlal
Ru
Sif Muna
Vehumet
Wu Jian
Xom
Zin
The Shining One

Shops:
D:9 *[?*

Annotations:
Lair:1 exclusion: oklob plant
Lair:2 2 transporters, Exodus22XD's ghost, journeyman DsGl
Lair:4 1 transporter


Innate Abilities, Weirdness & Mutations

You cannot be hasted, slowed, berserked, paralysed or teleported.
You can dig through walls and to a lower floor.
Your four strong arms can wield two-handed weapons with a shield.
You have a pair of large antennae on your head. (SInv)


Message History

You hit the entropy weaver but do no damage.
The entropy weaver looks as sick as possible!
The entropy weaver is moderately wounded.
Your chain mail prevents you from hitting the entropy weaver.
The entropy weaver is moderately wounded.
The entropy weaver hits you with a +0 scimitar! x2
* * * LOW HITPOINT WARNING * * *
You block the entropy weaver's attack.
The entropy weaver hits you with a +0 scimitar!
* * * LOW HITPOINT WARNING * * *
You hit the entropy weaver but do no damage.
The entropy weaver looks as sick as possible!
The entropy weaver is moderately wounded.
You hit the entropy weaver but do no damage.
The entropy weaver looks as sick as possible!
The entropy weaver is moderately wounded.
You block the entropy weaver's attack.
The entropy weaver hits you but does no damage.
The entropy weaver hits you with a +0 scimitar!
You die...

## #### ########
#P##.#.###.#....###
..........@a........
....................
..................#.#
.....#.P..##.....#...
.... ##...#..........
....####.###†........
..........##.....##..
#................# ..
##..........#P.....#


You could see an entropy weaver (extremely poisoned).

Vanquished Creatures
  Gastronok (D:8)
  Harold (D:8)
  An ice dragon (Lair:2)
  A hydra (Lair:1)
  8 elephants (Lair:3)
  2 black mambas
  8 spiny frogs
  Maggie (Lair:1)
  4 komodo dragons
  3 hippogriffs
  22 yaks
  Grum (D:8)
  A basilisk (Lair:3)
  5 soldier ants
  4 water moccasins
  6 porcupines
  An ice beast (D:8)
  3 orc warriors
  2 phantoms
  3 sky beasts
  4 ogres
  4 wolves (D:8)
  3 centaurs
  6 crocodiles
  12 bullfrogs
  A scorpion (D:5)
  A water moccasin skeleton (D:5)
  3 killer bees (D:9)
  2 howler monkeys (D:8)
  A bullfrog zombie (D:5)
  2 crimson imps (D:6)
  A bullfrog skeleton (D:8)
  3 hounds
  Crazy Yiuf (D:5)
  2 orc priests
  2 jellies (D:8)
  A centaur skeleton (D:7)
  Jessica (D:3)
  2 orc wizards
  13 worker ants
  A worker ant zombie (D:6)
  4 gnolls (D:6)
  7 adders
  2 shadow imps
  An ooze (D:4)
  3 worms
  A dart slug (D:3)
  4 leopard geckos
  14 orcs
  4 giant cockroaches
  11 goblins
  4 hobgoblins
  26 jackals
  5 quokkas
  3 ball pythons
  11 bats
  4 frilled lizards
  6 kobolds
  A quokka skeleton (D:4)
  A quokka zombie (D:8)
  5 rats
  A fungus (Lair:1)
  A plant (Lair:1)
263 creatures vanquished.

Vanquished Creatures (others)
  3 fungi (Lair:3)
  4 plants
7 creatures vanquished.

Grand Total: 270 creatures vanquished

Notes
Turn   | Place    | Note
-------+----------+-------------------------------------------
     0 | D:1      | Froggeryz the Formicid Fighter began the quest for the Orb.
     0 | D:1      | Reached XP level 1. HP: 18/18 MP: 1/1
   150 | D:1      | Reached XP level 2. HP: 23/24 MP: 2/2
   331 | D:1      | Reached skill level 3 in Axes
   678 | D:2      | Reached XP level 3. HP: 26/29 MP: 3/3
   827 | D:2      | Reached XP level 4. HP: 33/35 MP: 4/4
   852 | D:2      | Reached skill level 4 in Axes
  1563 | D:2      | Reached XP level 5. HP: 41/41 MP: 5/5
  1880 | D:2      | Found a faded altar of an unknown god.
  1955 | D:2      | Found an ancient bone altar of Kikubaaqudgha.
  2243 | D:3      | Found a snail-covered altar of Cheibriados.
  2689 | D:3      | Noticed Jessica
  2695 | D:3      | Killed Jessica
  2695 | D:3      | Reached skill level 5 in Axes
  2695 | D:3      | Reached XP level 6. HP: 39/47 MP: 6/6
  3119 | D:4      | Reached skill level 5 in Shields
  3391 | D:4      | Noticed an ogre
  3403 | D:4      | Killed an ogre
  3403 | D:4      | Reached skill level 6 in Axes
  3403 | D:4      | Reached XP level 7. HP: 24/52 MP: 7/7
  3963 | D:5      | Entered Level 5 of the Dungeon
  4099 | D:5      | Found a staircase to the Ecumenical Temple.
  4119 | D:5      | Reached skill level 7 in Axes
  4121 | Temple   | Entered the Ecumenical Temple
  4182 | Temple   | Became a worshipper of Warmaster Okawaru
  4342 | D:5      | Reached XP level 8. HP: 31/58 MP: 8/8
  4582 | D:5      | Found a runed translucent door.
  4583 | D:5      | Noticed Crazy Yiuf
  4879 | D:5      | Killed Crazy Yiuf
  5183 | D:6      | Reached skill level 8 in Axes
  5188 | D:6      | Reached * piety under Okawaru
  5352 | D:6      | Found a sacrificial altar of Ru.
  5776 | D:7      | Reached XP level 9. HP: 59/64 MP: 9/9
  5980 | D:7      | Reached skill level 9 in Axes
  6531 | D:8      | Reached skill level 5 in Armour
  6749 | D:8      | Reached ** piety under Okawaru
  6777 | D:8      | Noticed Harold
  6814 | D:8      | Killed Harold
  6814 | D:8      | Reached skill level 10 in Axes
  6826 | D:8      | HP: 1/64 [acid (5)]
  6826 | D:8      | Noticed Gastronok
  6833 | D:8      | You fall into a shaft and drop 1 floor!
  7161 | D:8      | Reached XP level 10. HP: 51/70 MP: 10/10
  7209 | D:9      | Reached *** piety under Okawaru
  7393 | D:8      | Killed Gastronok
  7393 | D:8      | Reached **** piety under Okawaru
  7393 | D:8      | Reached skill level 11 in Axes
  7631 | D:8      | Found a radiant altar of Vehumet.
  7647 | D:8      | Reached skill level 10 in Shields
  7811 | D:8      | Noticed Grum
  7856 | D:8      | Killed Grum
  8346 | D:8      | Reached ***** piety under Okawaru
  8346 | D:8      | Reached XP level 11. HP: 75/75 MP: 11/11
  8616 | D:9      | Found a staircase to the Lair.
  8657 | D:9      | Found Luashy's General Store.
  8704 | D:9      | Bought a scroll of immolation for 45 gold pieces
  8865 | D:9      | Found Hixuidgh's Magic Scroll Shoppe.
  8874 | D:9      | Bought a scroll of fear for 49 gold pieces
  8874 | D:9      | Bought a scroll of enchant armour for 105 gold pieces
  8874 | D:9      | Found Lumaotue's Antique Armour Shoppe.
  8931 | D:9      | Found Sejud's General Store.
  8936 | D:9      | Bought a +1 vorpal broad axe for 130 gold pieces
  9148 | Lair:1   | Entered Level 1 of the Lair of Beasts
  9253 | Lair:1   | Reached skill level 12 in Axes
  9565 | Lair:1   | Noticed a four-headed hydra
  9574 | Lair:1   | Killed a four-headed hydra
  9911 | Lair:1   | Found a hazy altar of Hepliaklqana.
  9911 | Lair:1   | Noticed an oklob plant
 10532 | Lair:1   | Noticed Maggie
 10544 | Lair:1   | Killed Maggie
 10544 | Lair:1   | Received a gift from Okawaru
 10552 | Lair:1   | Got an agate-encrusted ring mail {god gift}
 10563 | Lair:1   | Identified the +3 ring mail of Catatonia {+Blink} (Okawaru
                  | gifted it to you on level 1 of the Lair of Beasts)
 11104 | Lair:2   | Reached ****** piety under Okawaru
 11291 | Lair:1   | Reached skill level 13 in Axes
 11927 | Lair:2   | Noticed Exodus22XD's ghost (journeyman DsGl)
 12088 | Lair:2   | Found a staircase to the Swamp.
 12214 | Lair:2   | You fall into a shaft and drop 1 floor!
 12411 | Lair:3   | Reached XP level 12. HP: 50/81 MP: 12/12
 13220 | Lair:3   | Received a gift from Okawaru
 13221 | Lair:3   | Got a twisted ring mail {god gift}
 13252 | Lair:3   | Reached skill level 14 in Axes
 14572 | Lair:3   | Identified the +0 ring mail "Kopux" {rPois rC+} (Okawaru
                  | gifted it to you on level 3 of the Lair of Beasts)
 15140 | Lair:2   | Found a transporter.
 15140 | Lair:2   | Found a transporter.
 15155 | Lair:2   | Received a gift from Okawaru
 15155 | Lair:2   | Reached skill level 15 in Axes
 15614 | Lair:2   | Noticed an ice dragon
 15641 | Lair:2   | HP: 2/83 [ice dragon/blast of cold (23)]
 15643 | Lair:2   | Killed an ice dragon
 15643 | Lair:2   | Reached XP level 13. HP: 25/88 MP: 11/13
 16155 | Lair:4   | Noticed an entropy weaver
 16155 | Lair:4   | Noticed an entropy weaver
 16391 | Lair:4   | Found a transporter.
 16449 | Lair:4   | Slain by an entropy weaver

Illustrated notes

Levels and vault maps discovered:
D:1:      lordsloth_arrival_two_stooges, layout_basic
D:2:      cheibrodos_pilgrimage, layout_loops_corners,
          nicolae_overflow_crystal_walls,
          chequers_ecumenical_altar_simple_redux, nrook_mini_vaults
D:3:      layout_loops_cross, serial_rivers, chequers_serial_rivers_micro_c,
          chequers_serial_rivers_small_b, chequers_serial_rivers_micro_e,
          chequers_serial_rivers_micro_b, chequers_serial_rivers_micro_d,
          cheibriados_altar_1, uniq_jessica
D:4:      layout_layer_cave, minmay_tree_intersection
D:5:      layout_rooms, minmay_temple_entry_sparse_star, first_ration,
          uniq_crazy_yiuf_cottage
D:6:      layout_rooms, minmay_misc_feat_cross, chequers_serial_rivers_micro_a,
          nicolae_ru_sacrificial_ziggurat
D:7:      layout_loops_ring, grunt_ogre_cave, mrwooster_statue_mirror
D:8:      layout_loops_ring, vehumet_altar_wand_db, uniq_grum, uniq_harold,
          uniq_gastronok
D:9:      layout_basic, grunt_lair_entry_orc_guard_hut, serial_shops, shop,
          shop, kennysheep_little_box, nicolae_shop_window_shopping
Temple:   regret_index_temple_sigil_plot
Lair:1:   layout_regular_city, minivault_23, lemuel_oklob_altar,
          infiniplex_staircase_pool, uniq_maggie
Lair:2:   dragon1_lemuel, layout_regular_city, swamp_mist, gammafunk_ghost_hive,
          grunt_megastairs_3
Lair:3:   layout_layer_cave
Lair:4:   gammafunk_cloud_chamber, layout_regular_city, spider_nest_entry_a,
          minivault_29

Skill      XL: |  1  2  3  4  5  6  7  8  9 10 11 12 |
---------------+-------------------------------------+-----
Axes           | 3 4 5 6 7 8 10 11 13 15 | 15.2
Shields        | 4 5 6 7 8 10 11 13 | 13.3
Armour         | 4 6 7 8 |  8.7
Fighting       | 4 |  4.5

Action                   |  1- 3 |  4- 6 |  7- 9 | 10-12 | 13-15 || total
-------------------------+-------+-------+-------+-------+-------++-------
Melee: War axe           |   108 |    30 |    11 |    26 |       ||   175
       Hand axe          |       |   160 |   267 |   740 |    61 ||  1228
       Broad axe         |       |       |       |    24 |       ||    24
Throw: Dart              |       |     1 |     5 |     3 |       ||     9
Invok: Heroism           |       |       |     1 |     3 |       ||     4
 Abil: Shaft Self        |       |       |     1 |       |       ||     1
Evoke: Wand              |       |       |     6 |    14 |       ||    20
  Use: Potion            |       |       |     3 |     5 |     1 ||     9
       Scroll            |       |       |       |    13 |       ||    13
  Eat: Chunk             |       |     8 |    10 |    26 |     2 ||    46
       Ration            |       |       |     1 |       |       ||     1
Armor: Scale mail        |    60 |    72 |    27 |       |       ||   159
       Chain mail        |       |       |    56 |    84 |    15 ||   155
       Ring mail         |       |       |       |    72 |       ||    72
Dodge: Dodged            |    32 |    58 |    66 |   139 |    11 ||   306
Block: Kite shield       |    64 |    96 |   128 |   319 |    31 ||   638
